Map: Taito Citadel LE

Players

ZergCoin

  • Race: Zerg Zerg
  • League: Diamond
  • Spawn Location: 11:00

HoldTheDoor - Winner!

  • Race: Protoss Protoss
  • League: Diamond
  • Spawn Location: 5:00

VOD

Have the link to the VOD?

Description

Time

  • Played on: May 13, 2026, 11:51 a.m.
  • Length: 7:31
Show
View Real Time Build Order
Export as new Build Order

ZergCoin Zerg 

Build Orders: Hatch First 

Get SALT Encoding   

  12  0:00  Drone  
  13  0:08  Drone  
  14  0:33  Hatchery  
  14  0:35  Drone  
  14  0:51  Spawning Pool  
  14  0:55  Drone  
  14  1:09  Extractor  
  14  1:10  Extractor, Drone x2  
  14  1:17  Overlord  
  16  1:36  Drone x2  
  18  1:40  Queen  
  20  1:48  Queen  
  20  1:52  Drone  
  23  1:55  Drone  
  23  1:58  Drone  
  25  2:01  Drone  
  25  2:05  Drone  
  25  2:08  Drone  
  28  2:21  Overlord  
  28  2:36  Extractor  
  27  2:37  Drone  
  27  2:38  Extractor  
  27  2:39  Drone x3  
  27  2:41  Drone  
  31  2:52  Drone x2  
  31  2:55  Drone  
  31  2:56  Drone x2  
  36  2:59  Overlord  
  36  3:04  Extractor  
  36  3:05  Drone  
  36  3:17  Evolution Chamber  
  35  3:21  Drone x4, Evolution Chamber  
  38  3:27  Spine Crawler  
  38  3:30  Spine Crawler  
  38  3:32  Drone x4  
  40  3:35  Spine Crawler  
  40  3:38  Drone  
  40  3:45  Zerg Ground Armor Level 1  
  40  3:48  Drone x2  
  42  4:04  Extractor, Zerg Missile Weapons Level 1  
  42  4:05  Drone x3  
  42  4:06  Overlord  
  44  4:14  Lair  
  44  4:19  Roach Warren  
  44  4:20  Drone  
  44  4:22  Overlord  
  44  4:32  Drone x2  
  44  4:33  Drone x2  
  48  4:42  Drone x4  
  48  4:43  Drone x3  
  55  4:52  Spore Crawler  
  54  4:59  Spore Crawler  
  53  5:03  Spore Crawler  
  52  5:13  Spore Crawler  
  55  5:21  Roach x3  
  55  5:22  Overlord x2, Hydralisk Den  
  56  5:35  Roach x2  
  60  5:36  Overlord x2  
  60  5:37  Overlord  
  60  5:43  Roach x3  
  60  5:44  Roach  
  68  5:51  Overlord x2  
  68  5:56  Roach x3  
  63  6:04  Roach x2, Queen  
  63  6:06  Roach  
  63  6:07  Roach  
  61  6:11  Roach  
  61  6:18  Roach  
  51  6:19  Roach  
  36  6:40  Queen  
  36  6:49  Spine Crawler  
  35  6:55  Spine Crawler  
  34  7:04  Ravager x2  
  34  7:05  Ravager x3  
  34  7:06  Roach x2  
Show
View Real Time Build Order
Export as new Build Order

HoldTheDoor Protoss - Winner!

Build Orders:  

Get SALT Encoding   

  12  0:00  Probe  
  13  0:12  Probe  
  14  0:19  Pylon  
  14  0:24  Probe  
  15  0:33  Probe  
  15  0:41  Probe  
  15  0:42  Gateway  
  17  0:51  Assimilator, Probe  
  18  1:12  Forge  
  18  1:14  Probe  
  19  1:26  Probe  
  20  1:39  Cybernetics Core  
  20  1:44  Photon Cannon  
  20  1:47  Probe  
  21  1:59  Probe  
  22  2:11  Probe  
  22  2:13  Nexus  
  23  2:18  Pylon  
  23  2:19  Warp Gate  
  23  2:28  Stalker  
  23  2:36  Probe  
  24  2:38  Gateway  
  26  2:48  Probe  
  27  2:52  Robotics Facility  
  27  2:57  Pylon  
  27  3:00  Probe  
  27  3:01  Stalker  
  30  3:12  Probe  
  31  3:24  Probe  
  32  3:27  Probe  
  32  3:29  Warp Prism  
  33  3:36  Probe  
  33  3:40  Probe  
  37  3:46  Gateway  
  37  3:49  Gateway  
  37  4:00  Gateway  
  37  4:02  Gateway  
  37  4:08  Gateway  
  37  4:15  Gateway  
  37  4:16  Stalker  
  39  4:21  Stalker  
  41  4:30  Pylon  
  41  4:33  Pylon  
  41  4:51  Stalker x4  
  49  4:55  Zealot  
  51  5:11  Stalker  
  51  5:14  Zealot x4  
  61  5:29  Pylon  
  61  5:32  Pylon  
  61  5:33  Stalker  
  61  5:34  Zealot  
  61  5:35  Zealot  
  67  5:36  Zealot  
  67  5:42  Zealot  
  61  6:02  Zealot x4  
  61  6:03  Zealot x2  
  63  6:18  Zealot x2  
  63  6:31  Probe x2  
  65  6:33  Stalker  
  65  6:35  Stalker x3  
  73  6:49  Zealot  
  73  6:50  Zealot x3  
  79  7:26  Zealot x3  
Tags
 
Add a new tag
Caveats
  • Supply blocks, unpowered buildings, or Contaminate may cause inaccurate times.
  • Supply counts are checked every 10 seconds.